Map: World of Sleepers LE

Players

Reynor - Winner!

  • Race: Zerg Zerg
  • Spawn Location: 7:00

LiquidTLO (TLO)

  • Race: Zerg Zerg
  • League: Grandmaster
  • Spawn Location: 1:00

VOD

Have the link to the VOD?

Description

Time

  • Played on: Jan. 7, 2020, 6:24 p.m.
  • Length: 5:31
Show
View Real Time Build Order
Export as new Build Order

Reynor Zerg - Winner!

Build Orders: Hatch First 

Get SALT Encoding   

  12  0:00  Drone  
  13  0:12  Overlord  
  13  0:17  Drone  
  14  0:30  Drone  
  14  0:31  Drone  
  16  0:47  Hatchery  
  15  0:50  Drone  
  15  0:54  Drone  
  17  0:57  Drone  
  18  1:08  Extractor  
  17  1:12  Spawning Pool  
  17  1:15  Drone  
  17  1:20  Drone  
  18  1:28  Drone  
  19  1:39  Drone  
  20  1:49  Drone  
  21  1:59  Zergling x2, Spine Crawler  
  21  2:00  Zergling x2, Queen  
  21  2:01  Queen  
  26  2:10  Zergling x2  
  26  2:11  Zergling x2  
  28  2:37  Drone x2  
  26  2:43  Drone  
  26  2:50  Drone  
  27  2:57  Drone  
  27  3:03  Drone  
  28  3:05  Overlord  
  28  3:12  Metabolic Boost  
  28  3:16  Overlord  
  28  3:24  Zergling x2  
  29  3:27  Zergling x8  
  29  3:29  Zergling x2  
  34  3:34  Drone  
  34  3:36  Zergling x4  
  34  3:40  Zergling x2  
  38  3:44  Overlord  
  38  3:45  Zergling x2  
  38  3:47  Zergling x2  
  40  3:52  Zergling x4  
  40  3:55  Zergling x2  
  43  3:59  Zergling x2  
  44  4:06  Zergling x2  
  45  4:12  Zergling x2  
  45  4:15  Zergling x2  
  47  4:19  Overlord  
  47  4:20  Zergling x4  
  47  4:22  Zergling x2  
  50  4:30  Zergling x2  
  51  4:34  Zergling x2  
  54  4:40  Zergling x2  
  54  4:41  Zergling x4  
  55  4:53  Drone x2  
  55  4:54  Zergling x4  
  55  4:58  Zergling x4, Hatchery  
  60  5:04  Overlord  
  59  5:07  Zergling x2  
  59  5:12  Zergling x2  
Show
View Real Time Build Order
Export as new Build Order

LiquidTLO Zerg 

Build Orders: Pool First 

Get SALT Encoding   

  12  0:17  Spawning Pool  
  11  0:22  Drone  
  11  0:27  Drone  
  13  0:31  Drone  
  14  0:40  Overlord  
  14  1:04  Zergling x4  
  14  1:05  Zergling x2  
  17  1:15  Zergling x2  
  17  1:18  Hatchery  
  17  1:26  Zergling x2  
  18  1:40  Zergling x2  
  18  1:44  Queen  
  21  1:53  Zergling x2  
  22  1:59  Spine Crawler  
  21  2:02  Overlord  
  21  2:11  Drone  
  22  2:20  Drone  
  22  2:31  Drone  
  22  2:32  Drone  
  22  2:33  Queen  
  25  2:42  Drone x2  
  24  2:50  Queen  
  26  2:53  Drone  
  26  2:56  Zergling x2  
  27  3:02  Drone  
  27  3:08  Overlord  
  27  3:16  Drone  
  27  3:17  Drone  
  27  3:18  Drone x2  
  27  3:19  Drone  
  32  3:24  Drone  
  32  3:26  Drone  
  34  3:37  Extractor, Drone  
  34  3:38  Drone  
  34  3:39  Extractor  
  34  3:45  Drone  
  34  3:48  Drone, Evolution Chamber  
  36  3:49  Overlord  
  36  3:50  Drone  
  36  3:52  Drone  
  37  3:58  Drone x3  
  37  4:01  Drone  
  41  4:05  Overlord  
  41  4:12  Overlord  
  41  4:13  Drone  
  42  4:20  Drone  
  43  4:26  Hatchery  
  43  4:28  Drone  
  43  4:29  Drone  
  44  4:39  Roach Warren  
  42  4:46  Evolution Chamber  
  42  4:47  Evolution Chamber  
  42  4:50  Zergling x4  
  42  4:58  Overlord  
  42  5:02  Evolution Chamber  
  42  5:05  Evolution Chamber  
  40  5:08  Evolution Chamber  
  40  5:11  Evolution Chamber  
Tags
 
Add a new tag
Caveats
  • Supply blocks, unpowered buildings, or Contaminate may cause inaccurate times.
  • Supply counts are checked every 10 seconds.